 Dungeon Crawl Stone Soup version 0.23-a0-143-g1adec7bb76 (webtiles) character file.

37 PikkenKukken the Grave Robber (level 3, 0/28 HPs)
             Began as a Draconian Necromancer on Sept 6, 2018.
             Succumbed to an adder's poison
             ... on level 2 of the Dungeon.
             The game lasted 00:05:58 (1342 turns).

PikkenKukken the Grave Robber (DrNe)                Turns: 1342, Time: 00:05:58

Health: 0/28       AC:  5    Str: 11    XL:     3   Next: 21%
Magic:  1/6        EV: 12    Int: 15    God:
Gold:   70         SH:  0    Dex: 11    Spells: 4/6 levels left

rFire    . . .     SeeInvis .   (no weapon)
rCold    . . .     Gourm    .   (no shield)
rNeg     . . .     Faith    .   (armour unavailable)
rPois    .         Spirit   .   (helmet restricted)
rElec    .         Reflect  .   (no cloak)
rCorr    .         Harm     .   (no gloves)
MR       .....                  (no boots)
Stlth    ++........             (no amulet)
HPRegen  0.09/turn              (no ring)
MPRegen  0.10/turn              (no ring)

@: lethally poisoned (0 -> -2)
A: unfitting armour, cold-blooded, AC +5
a: no special abilities


You were on level 2 of the Dungeon.
You were very hungry.

You visited 1 branch of the dungeon, and saw 2 of its levels.

You collected 70 gold pieces.

Inventory:

Missiles
 e - 6 tomahawks (quivered)
Potions
 c - a potion of agility
Comestibles
 b - 3 rations


   Skills:
 + Level 1.3 Fighting
 + Level 2.2 Dodging
 - Level 1.7 Stealth
 + Level 2.4 Spellcasting
 + Level 4.2 Necromancy


You had 4 spell levels left.
You knew the following spells:

 Your Spells              Type           Power        Failure   Level  Hunger
a - Pain                  Necr           ##..         3%          1    #......
b - Animate Skeleton      Necr           N/A          3%          1    #......

Your spell library contained the following spells:

 Spells                   Type           Power        Failure   Level  Hunger
 Vampiric Draining        Necr           ##........   11%         3    ###....
 Regeneration             Chrm/Necr      #.........   26%         3    ###....
 Animate Dead             Necr           N/A          36%         4    #####..


Dungeon Overview and Level Annotations

Branches:
Dungeon (2/15)

Altars:


Innate Abilities, Weirdness & Mutations

Your plain brown scales are hard. (AC +5)
You cannot fit into any form of body armour.
You are cold-blooded and may be slowed by cold attacks.


Message History

The adder is almost dead.
The adder misses you.
You closely miss the adder.
Your tail-slap misses the adder.
The adder is almost dead.
The adder closely misses you.
You miss the adder.
Your tail-slap misses the adder.
The adder is almost dead.
* * * LOW HITPOINT WARNING * * *
You feel sick. The adder closely misses you.
The adder bites you but does no damage.
You hit the adder.
You kill the adder!
You have reached level 3!
Your experience leads to an increase in your attributes!
Increase (S)trength, (I)ntelligence, or (D)exterity?
You feel stronger.
Your scales feel tougher.
Okay, then.
There is a lethal amount of poison in your body!
There are no items here.
You die...

#.# #.# #.# #.###
#...# ###.# #.#
#†# #########@#
###### #.......#.#
.....# #.#####.#.#
####.###.##.<....#
............##.###
####.###.#####.#
####.# #.......#
.....# #########
######


There were no monsters in sight!

Vanquished Creatures
  An adder (D:2)
  A leopard gecko (D:1)
  A ball python (D:1)
  A goblin (D:1)
  3 hobgoblins (D:1)
  8 jackals (D:1)
  2 kobolds (D:1)
  3 bats (D:1)
  2 frilled lizards (D:1)
  2 rats (D:1)
24 creatures vanquished.

Notes
Turn   | Place    | Note
-------+----------+-------------------------------------------
     0 | D:1      | PikkenKukken the Draconian Necromancer began the quest for
                  | the Orb.
     0 | D:1      | Reached XP level 1. HP: 14/14 MP: 3/3
    83 | D:1      | Learned a level 1 spell: Animate Skeleton
   254 | D:1      | Reached XP level 2. HP: 19/22 MP: 0/5
   428 | D:1      | Reached skill level 1 in Fighting
  1333 | D:2      | HP: 1/23 [adder (1)]
  1338 | D:2      | HP: 1/23 [poisoned by an adder]
  1339 | D:2      | Reached XP level 3. HP: 1/28 MP: 0/6
  1342 | D:2      | Succumbed to an adder's poison

Vault maps used:
D:1:      eino_arrival_cavern_c
D:2:      first_ration, uniq_terence, uniq_jessica

Skill      XL: |  1  2 |
---------------+-------+-----
Dodging        | 2 |  2.2
Fighting       | 1 |  1.3
Stealth        | |  1.7
Spellcasting   | |  2.4
Necromancy     | |  4.2

Action                   || total
-------------------------++-------
Melee: Unarmed           ||    37
       Tailslap          ||     1
Throw: Tomahawk          ||     3
 Cast: Pain              ||    42
       Animate Skeleton  ||     2
  Use: Scroll            ||     7
       Potion            ||     1
  Eat: Chunk             ||     1
Armor: Skin              ||    26
Dodge: Dodged            ||    59

Table legend:
 A = Non-vault XP
 B = Vault XP
 C = Vault XP percentage of total XP
 D = Non-vault monster count
 E = Vault monster count
 F = Vault count percentage of total count
                 A         B        C        D         E       F
            +---------+---------+-------+---------+---------+-------
      Total |      53 |       0 |   0.0 |      24 |       0 |   0.0
            +---------+---------+-------+---------+---------+-------
        D:1 |      40 |       0 |   0.0 |      23 |       0 |   0.0
        D:2 |      13 |       0 |   0.0 |       1 |       0 |   0.0
            +---------+---------+-------+---------+---------+-------
